 Dungeon Crawl Stone Soup version 0.18.1-48-g4cf74bf (webtiles) character file.

222 senseless the Magician (level 5, 0/37 HPs)
             Began as a Demonspawn Wizard on Aug 11, 2016.
             Slain by Natasha (9 damage)
             ... on level 4 of the Dungeon.
             The game lasted 00:22:05 (4704 turns).

senseless the Magician (Demonspawn Wizard)          Turns: 4704, Time: 00:22:06

Health: 0/37       AC:  7    Str:  7    XL:     5   Next: 66%
Magic:  5/11       EV: 12    Int: 21    God:
Gold:   200        SH:  0    Dex: 11    Spells: 1 memorised, 11 levels left

rFire  . . .     SeeInvis .     t - +0 short sword (protect)
rCold  . . .     Gourm    .     a - +0 robe
rNeg   . . .     Faith    .     (no shield)
rPois  .         Spirit   .     b - +0 hat
rElec  .         Dismiss  .     (no cloak)
rCorr  .         Reflect  .     (no gloves)
SustAt .         Harm     .     (no boots)
MR     .....                    (no amulet)
Stlth  ++........               x - ring of fire
                                s - ring of ice

@: very slightly contaminated, not resistant to hostile enchantments, unstealthy
A: horns 1, rot immunity
a: no special abilities


You were on level 4 of the Dungeon.
You were not hungry.

You visited 1 branch of the dungeon, and saw 5 of its levels.

You collected 200 gold pieces.

Inventory:

Hand Weapons
 q - a +1 short sword of venom
 t - a +0 short sword of protection (weapon)
Missiles
 e - 106 stones (quivered)
Armour
 a - a +0 robe (worn)
 b - a +0 hat (worn)
Jewellery
 s - a ring of ice (left hand)
 x - a ring of fire (right hand)
Scrolls
 h - a scroll of remove curse
 l - a scroll of blinking
 n - 2 scrolls of identify
Potions
 g - a potion of magic
 j - a potion of resistance {unknown}
 k - 3 potions of curing {unknown}
 o - a potion of cancellation {unknown}
 p - a potion of invisibility {unknown}
 r - a potion of lignification {unknown}
 u - a potion of ambrosia {unknown}
Books
 c - a book of Minor Magic

   Spells                             Type                      Level
   a - Magic Dart                     Conjuration                  1
   b - Blink                          Translocation                2
   c - Call Imp                       Summoning                    2
   d - Repel Missiles                 Charms/Air                   2
   e - Slow                           Hexes                        2
   f - Conjure Flame                  Conjuration/Fire             3
   g - Mephitic Cloud                 Conjuration/Poison/Air       3
Comestibles
 d - 5 bread rations
 f - 2 meat rations
 i - 2 fruits
 m - a chunk of flesh


   Skills:
 + Level 1.4 Fighting
 + Level 1.0 Short Blades
 + Level 3.0 Dodging
 + Level 2.3 Stealth
 + Level 0.1 Unarmed Combat
 + Level 4.2 Spellcasting
 + Level 2.2 Conjurations
   Level 1.0 Summonings
   Level 0.8 Translocations


You had 11 spell levels left.
You knew the following spells:

 Your Spells              Type           Power        Failure   Level  Hunger
a - Magic Dart            Conj           ##..         6%          1    None


Dungeon Overview and Level Annotations

Branches:
Dungeon (5/15)
 Temple: D:4-7

Altars:
Ashenzari
Gozag
Pakellas
Sif Muna

Annotations:
D:4 Natasha


Innate Abilities, Weirdness & Mutations

You have a pair of small horns on your head.
You are immune to rotting.


Message History

Aim: Natasha (lightly wounded)
The magic dart hits Natasha.
Natasha is moderately wounded.
Natasha barely misses you.
Casting: Magic Dart
Confirm with . or Enter, or press ? or * to list all spells.
Aiming: Magic Dart
Press: ? - help, Shift-Dir - straight line, f/p - Natasha
Aim: Natasha (moderately wounded)
The magic dart hits Natasha.
Natasha is moderately wounded.
Natasha claws you.
* * * LOW HITPOINT WARNING * * *
Casting: Magic Dart
Confirm with . or Enter, or press ? or * to list all spells.
Aiming: Magic Dart
Press: ? - help, Shift-Dir - straight line, f/p - Natasha
Aim: Natasha (moderately wounded)
You miscast Magic Dart.
Nothing appears to happen.
Natasha claws you!
You die...

#....######...#
#..#........#.# .....
#####...# #...#
##..#####
#...########.......
#..........>.###.##
...####...##.#####.###.#
........h.# #.....##
........@.# #######...
....#####.# ..........
...#.#####.# #...######
.......<...# ..
...#.#######


You could see Natasha.

Vanquished Creatures
  Natasha (D:4)
  A worker ant (D:4)
  8 adders
  2 worms (D:2)
  A dart slug (D:2)
  A giant gecko (D:1)
  8 orcs (D:3)
  3 giant cockroaches
  10 goblins
  9 hobgoblins
  11 jackals
  7 kobolds
  A quokka (D:3)
  10 ball pythons
  5 bats
  2 giant newts
  6 rats
86 creatures vanquished.

Notes
Turn   | Place    | Note
--------------------------------------------------------------
     0 | D:1      | senseless the Demonspawn Wizard began the quest for the Orb.
     0 | D:1      | Reached XP level 1. HP: 13/13 MP: 4/4
   504 | D:1      | Gained mutation: You are immune to rotting. [demonic ancestry]
   504 | D:1      | Reached XP level 2. HP: 19/19 MP: 1/6
  1422 | D:2      | Reached XP level 3. HP: 22/24 MP: 0/7
  2425 | D:2      | Reached skill level 1 in Fighting
  2494 | D:2      | Gained mutation: You have a pair of small horns on your head. [demonic ancestry]
  2494 | D:2      | Reached XP level 4. HP: 32/32 MP: 5/9
  2658 | D:2      | Found an opulent altar of Gozag.
  3060 | D:3      | Found an oddly glowing altar of Pakellas.
  3082 | D:3      | Found a shattered altar of Ashenzari.
  3137 | D:3      | Found a deep blue altar of Sif Muna.
  3780 | D:3      | Reached XP level 5. HP: 32/37 MP: 7/10
  3830 | D:3      | Reached skill level 4 in Spellcasting
  3939 | D:3      | You fall through a shaft for 2 floors!
  3939 | D:5      | Entered Level 5 of the Dungeon
  4520 | D:4      | Reached skill level 1 in Short Blades
  4521 | D:4      | Noticed Natasha
  4685 | D:4      | Killed Natasha
  4699 | D:4      | Noticed Natasha
  4704 | D:4      | Slain by Natasha

Skill      XL: |  1  2  3  4  5 |
---------------+----------------+-----
Dodging        | 2 3 |  3.0
Fighting       | 1 |  1.4
Stealth        | 2 |  2.3
Conjurations   | 2 |  2.2
Spellcasting   | 4 |  4.2
Short Blades   | 1 |  1.0
Unarmed Combat | |  0.1
Summonings     | |  1.0
Translocations | |  0.8

Action                   |  1- 3 |  4- 6 || total
-------------------------+-------+-------++-------
Melee: Unarmed           |    33 |       ||    33
       Short sword       |    43 |    88 ||   131
       Headbutt          |       |     5 ||     5
Throw: Stone             |     5 |       ||     5
 Cast: Magic Dart        |   117 |   104 ||   221
  Use: Scroll            |       |     8 ||     8
  Eat: Chunk             |     5 |     7 ||    12
Armor: Robe              |    16 |    35 ||    51
Dodge: Dodged            |    78 |    81 ||   159
